 Dungeon Crawl Stone Soup version 0.24-a0-140-gcaa6c10b7c (webtiles) character file.

Game seed: 0

133216 iamderjio the Warrior (level 17, -9/127 HPs)
             Began as an Octopode Chaos Knight on Mar 4, 2019.
             Was a Follower of Uskayaw.
             Mangled by an alligator (16 damage)
             ... on level 4 of the Swamp.
             The game lasted 01:33:39 (46891 turns).

iamderjio the Warrior (Octopode Chaos Knight)      Turns: 46891, Time: 01:33:39

Health: -9/127     AC:  7    Str: 11    XL:     17   Next: 14%
Magic:  35/35      EV: 22    Int: 19    God:    Uskayaw [*.....]
Gold:   488        SH: 24    Dex: 18    Spells: 4/28 levels left

rFire    + . .     SeeInvis .   P - +4 rapier (drain)
rCold    + + .     Gourm    .   C - +2 large shield
rNeg     . . .     Faith    .   l - +2 hat
rPois    +         Spirit   .   N - +5 amulet of reflection
rElec    .         Reflect  +   B - ring of protection from cold
rCorr    .         Harm     .   E - ring of stealth
MR       +....                  H - ring of Kifowit {MP+9 Int+4}
Stlth    ++++++....             t - +3 ring of protection
HPRegen  0.31/turn              L - ring of poison resistance
MPRegen  0.24/turn              m - ring of wizardry
                                Y - +2 ring of evasion
                                r - ring of protection from cold

@: no status effects
A: almost no armour, stealthy swim, amphibious, 8 rings, constrict 8, camouflage
1, fire resistance 1, shaggy fur 1, gelatinous body 1
a: Stomp, Renounce Religion


You were on level 4 of the Swamp.
You worshipped Uskayaw.
Uskayaw was aware of your devotion.
You were not hungry.

You visited 5 branches of the dungeon, and saw 28 of its levels.

You collected 2585 gold pieces.
You spent 2097 gold pieces at shops.

Inventory:

Hand Weapons
 p - a +4 scimitar of flaming
 y - a +0 blowgun
 P - a +4 rapier of draining (weapon)
 U - a +0 rapier of speed
 Z - a +4 short sword of freezing
Missiles
 G - 8 curare-tipped needles
Armour
 l - a +2 hat (worn)
 C - a +2 large shield (worn)
Jewellery
 m - a ring of wizardry (on tentacle)
 r - a ring of protection from cold (on tentacle)
 t - a +3 ring of protection (on tentacle)
 B - a ring of protection from cold (left tentacle)
 E - a ring of stealth (right tentacle)
 H - the ring of Kifowit (on tentacle) {MP+9 Int+4}
   (You found it on level 8 of the Dungeon)

   [ring of magical power]

   It affects your intelligence (+4).
   It affects your magic capacity (+9).
 L - a ring of poison resistance (on tentacle)
 N - a +5 amulet of reflection (around mantle)
 X - an uncursed ring of see invisible
 Y - a +2 ring of evasion (on tentacle)
Wands
 d - a wand of iceblast (26)
 n - a wand of disintegration (7)
 s - a wand of polymorph (17)
 I - a wand of enslavement (6)
 O - a wand of scattershot (9)
 R - a wand of digging (3)
 S - a wand of clouds (15)
 W - a wand of acid (29)
Scrolls
 a - 2 scrolls of silence
 c - 2 scrolls of teleportation {@r3}
 g - a scroll of enchant weapon
 i - 11 scrolls of remove curse {@r2}
 j - 2 scrolls of blinking
 k - 5 scrolls of fog
 u - 3 scrolls of brand weapon
 v - 3 scrolls of magic mapping
 w - 2 scrolls of holy word
 M - 2 scrolls of fear
Potions
 e - a potion of cancellation
 f - 4 potions of curing {@q1}
 h - 2 potions of magic {unknown}
 o - a potion of haste
 z - 2 potions of agility
 A - 2 potions of berserk rage
 D - 2 potions of invisibility
 F - a potion of heal wounds
 J - 2 potions of might {unknown}
 K - 2 potions of brilliance
 Q - 2 potions of lignification
 T - 2 potions of mutation
Miscellaneous
 q - a lamp of fire
 x - a box of beasts
 V - a fan of gales
Comestibles
 b - 34 rations


   Skills:
 + Level 15.1 Fighting
 - Level 14.0 Short Blades
 - Level 12.1 Dodging
 - Level 7.0 Stealth
 * Level 12.0 Shields
 - Level 6.3 Spellcasting
 - Level 1.1 Conjurations
 - Level 6.0 Hexes
 - Level 1.0 Transmutations
 - Level 2.0 Ice Magic
 - Level 3.0 Air Magic
 - Level 1.0 Poison Magic
 + Level 9.4 Invocations
 - Level 6.0 Evocations


You had 4 spell levels left.
You knew the following spells:

 Your Spells              Type           Power        Failure   Level  Hunger
a - Confusing Touch       Hex            ####..       1%          1    None
b - Confuse               Hex            ####....     6%          3    ##.....
c - Tukima's Dance        Hex            ####....     6%          3    ##.....
d - Ensorcelled Hibernat  Hex/Ice        ###...       7%          2    None
e - Cause Fear            Hex            ####......   19%         4    ####...
g - Dazzling Spray        Conj/Hex       ###...       16%         3    ##.....
h - Mephitic Cloud        Conj/Pois/Air  ##......     32%         3    ##.....
i - Yara's Violent Unrav  Hex/Tmut       ###.......   80%         5    #####..

Your spell library contained the following spells:

 Spells                   Type           Power        Failure   Level  Hunger
 Corona                   Hex            ####...      1%          1    None
 Slow                     Hex            ####....     3%          2    None
 Magic Dart               Conj           ##..         16%         1    None
 Poisonous Vapours        Pois/Air       ##....       16%         2    None
 Inner Flame              Hex/Fire       ###.....     21%         3    ##.....
 Portal Projectile        Hex/Tloc       ###...       21%         3    ##.....
 Searing Ray              Conj           ##....       22%         2    None
 Conjure Flame            Conj/Fire      #.......     45%         3    ##.....
 Fulminant Prism          Conj/Hex       ###.......   45%         4    ####...
 Leda's Liquefaction      Hex/Erth       ###.......   52%         4    ####...
 Gell's Gravitas          Tloc           #.........   54%         3    ##.....
 Iskenderun's Mystic Bla  Conj           ##......     78%         4    ####...
 Force Lance              Conj/Tloc      #.......     86%         4    ####...
 Petrify                  Tmut/Erth      #.......     86%         4    ####...
 Metabolic Englaciation   Hex/Ice        ###.......   73%         5    #####..
 Freezing Cloud           Conj/Ice/Air   ##........   100%        6    #######
 Ring of Flames           Chrm/Fire      #.........   100%        7    #######


Dungeon Overview and Level Annotations

Branches:
Dungeon (15/15)            Temple (1/1) D:4            Lair (6/6) D:11
  Swamp (4/4) Lair:2        Snake (0/4) Lair:4          Orc (2/2) D:12
    Elf (0/3) Orc:2        Vaults (0/5) D:14         Depths (0/5) D:15
  Slime: Lair:5-6

Altars:
Ashenzari
Dithmenos
Elyvilon
Fedhas
Gozag
Kikubaaqudgha
Makhleb
Nemelex Xobeh
Okawaru
Qazlal
Ru
Sif Muna
Trog
Uskayaw
Wu Jian
Xom
Yredelemnul
Zin
Beogh

Shops:
D:7 [   Orc:1 }   Orc:2 :*[(

Annotations:
Lair:5 exclusion: oklob plant
Lair:6 Rupert
Orc:1 2 transporters


Innate Abilities, Weirdness & Mutations

You cannot wear most types of armour.
You are very stealthy in the water. (Stealth+)
You are amphibious.
You can wear up to eight rings at the same time.
You can use your tentacles to constrict eight enemies at once.
Your skin changes colour to match your surroundings (Stealth+).
Your rubbery body absorbs attacks. (AC +1, EV +1)
Your flesh is heat resistant. (rF+)
You are covered in fur. (AC +1)


Message History

Aiming: Scattershot
Aim: a six-headed hydra (water)
The burst of metal fragments hits the six-headed hydra! x6
You kill the six-headed hydra!
Your Shields skill increases to level 12!
The seven-headed hydra roars!
The alligator bites you!
* * * LOW HITPOINT WARNING * * *
You block the alligator's attack.
Okay, then.
Here: an alligator (covering ground quickly) Some shallow water.
As you read the scroll of fear, it crumbles to dust.
You assume a fearsome visage.
The seven-headed hydra looks frightened!
The alligator resists with some effort.
The alligator looks frightened!
The alligator bites you but does no damage.
You block the alligator's attack. The alligator bites you!
You die...
Xom chortles!

#♣ #♣.. #♣(≈§♣ #
##.§.≈D♣♣♣♣♣♣
....≈.≈D≈§t@♣ .
♣...≈..≈≈≈†≈♣
D♣♣♣ .≈≈≈.≈≈≈.♣♣
♣k<.♣ ≈♣......♣
§≈≈≈≈♣ ♣♣♣♣≈≈≈.♣
≈≈≈≈≈≈ ♣.D.t§≈.♣
≈≈≈≈.♣ ♣≈≈≈≈♣≈≈≈♣
...≈..$D≈≈§§♣♣♣♣♣
≈.≈≈.≈.....t♣


You could see 2 alligators, a seven-headed hydra (fleeing), a six-headed hydra
and a five-headed hydra.

Vanquished Creatures
  Kirke (Lair:5)
  4 thorn hunters
  An emperor scorpion (shapeshifter) (D:15)
  3 orc warlords
  Azrael (Orc:2)
  Josephine (Lair:4)
  8 vault guards (D:14)
  A fire dragon (D:15)
  An ice dragon (Swamp:4)
  10 hydras
  5 centaur warriors
  3 ghost crabs
  A catoblepas (D:13)
  A shambling mangrove (Swamp:1)
  5 alligators
  3 two-headed ogres
  A tengu warrior (D:14)
  Urug (Lair:5)
  3 orc high priests (Orc:2)
  4 skeletal warriors (D:14)
  A swamp dragon (Swamp:4)
  A wizard (D:14)
  A flayed ghost (D:15)
  An unseen horror (D:15)
  4 orc knights
  5 orc sorcerers (Orc:2)
  2 cyclopes
  2 deep elf magi
  16 ugly things
  A wolf spider (D:15)
  2 manticores
  16 elephants
  4 black mambas
  2 centaur skeletons (D:13)
  15 spiny frogs
  9 komodo dragons
  An efreet (D:15)
  2 freezing wraiths
  2 kobold demonologists (D:13)
  3 rime drakes
  9 trolls
  A jumping spider (shapeshifter) (D:14)
  6 polar bears
  6 tyrant leeches
  14 hornets
  9 blink frogs
  12 hippogriffs
  12 slime creatures
  8 bog bodies
  10 dream sheep
  A blink frog (shapeshifter) (D:15)
  5 shadows
  5 wraiths
  16 spriggans
  A yak (shapeshifter) (D:15)
  3 fire elementals (Orc:2)
  2 wyverns
  A hog (Lair:5)
  3 basilisks
  24 yaks
  4 hungry ghosts
  17 vampire mosquitoes
  4 nagas (Lair:4)
  A soldier ant (D:14)
  3 wargs
  9 swamp worms
  13 insubstantial wisps
  3 acid dragons
  4 hell hounds (Orc:2)
  7 ice beasts
  10 porcupines
  9 water moccasins
  8 swamp drakes
  3 sky beasts
  6 black bears
  A hornet zombie (D:8)
  49 orc warriors
  3 phantoms
  A necrophage (D:7)
  17 ogres
  39 wolves
  13 boggarts
  18 centaurs
  13 crocodiles
  6 big kobolds
  A big kobold (shapeshifter) (D:15)
  18 bullfrogs
  A wyvern skeleton (D:14)
  2 wyvern zombies
  6 scorpions
  9 killer bees
  10 wights
  5 howler monkeys
  6 crimson imps
  2 bullfrog zombies
  A quasit (D:5)
  3 centaur zombies
  9 hounds
  8 jellies
  30 orc priests
  A bullfrog skeleton (D:11)
  6 iguanas
  37 orc wizards
  10 worker ants
  2 hound zombies
  A hound skeleton (D:8)
  4 worker ant zombies
  12 gnolls
  11 adders
  8 shadow imps
  2 adder zombies
  5 adder skeletons
  A worm (D:4)
  4 dart slugs (D:1)
  9 leopard geckos
  117 orcs
  4 bats
  6 giant cockroaches
  2 gnoll zombies (D:2)
  4 goblins
  16 hobgoblins
  16 jackals
  27 kobolds
  5 quokkas
  A ball python (D:2)
  7 frilled lizards
  A giant cockroach zombie (D:6)
  9 rats
  A butterfly (Lair:6)
  A fungus (Lair:5)
  A plant (D:11)
999 creatures vanquished.

Vanquished Creatures (collateral kills)
  A frilled lizard (D:3)
1 creature vanquished.

Vanquished Creatures (others)
  A bog body (Swamp:1)
  2 humans (Lair:5)
  A briar patch (Swamp:4)
  A bush (Lair:5)
  A fire vortex (D:3)
  23 fungi
  11 plants
40 creatures vanquished.

Grand Total: 1040 creatures vanquished

Notes
Turn   | Place    | Note
-------+----------+-------------------------------------------
     0 | D:1      | iamderjio the Octopode Chaos Knight began the quest for the
                  | Orb.
     0 | D:1      | Reached XP level 1. HP: 16/16 MP: 1/1
    37 | D:1      | Reached skill level 1 in Stealth
   113 | D:1      | Reached XP level 2. HP: 21/21 MP: 2/2
   132 | D:1      | XOM: confusion (+ monsters)
   435 | D:1      | XOM: scenery: create altars
   546 | D:1      | Reached XP level 3. HP: 23/26 MP: 3/3
   940 | D:2      | Noticed a phantom
  1112 | D:2      | XOM is BORED!
  1112 | D:2      | XOM: chaos upgrade
  1192 | D:2      | XOM: noise
  1449 | D:2      | Reached XP level 4. HP: 31/31 MP: 4/4
  1490 | D:2      | Found a blossoming altar of Fedhas.
  1579 | D:2      | XOM is BORED!
  1579 | D:2      | XOM: give mutation
  1579 | D:2      | Gained mutation: You are clumsy. (Dex -2) [Xom's mischief]
  2125 | D:2      | Found a basalt altar of Yredelemnul.
  2330 | D:3      | XOM: mild Summ miscast
  2459 | D:3      | Reached XP level 5. HP: 28/36 MP: 5/5
  2489 | D:3      | Reached skill level 5 in Dodging
  2825 | D:3      | XOM: cast spell 'Discord'
  3062 | D:3      | Noticed an ogre
  3313 | D:3      | Reached XP level 6. HP: 34/42 MP: 6/6
  3648 | D:3      | XOM: mild Air miscast
  3767 | D:3      | XOM: god gift: scroll labeled TEMOUR KEDA {god gift}
  3815 | D:3      | Found a shattered altar of Ashenzari.
  3854 | D:3      | XOM: butterfly on damage
  4137 | D:2      | XOM: cast spell 'Call Canine Familiar'
  4150 | D:2      | Killed a phantom
  4330 | D:3      | XOM: mild Fire miscast
  4590 | D:4      | XOM: polymorph orc priest -> bullfrog
  4687 | D:4      | Reached XP level 7. HP: 46/46 MP: 7/7
  4770 | D:4      | XOM: draining
  5036 | D:4      | XOM: silly message
  5194 | D:4      | XOM: god gift: book of Maledictions
  5196 | D:4      | XOM: mild Chrm miscast
  5197 | D:4      | XOM: swap monsters
  5199 | D:4      | Reached skill level 4 in Fighting
  5277 | D:4      | XOM: summons 3 hostile demons
  5278 | D:4      | Noticed a soul eater
  5278 | D:4      | Noticed a soul eater
  5279 | D:4      | XOM: butterfly on damage
  5288 | D:4      | XOM: cleaving
  5406 | D:4      | XOM: divination: detect creatures
  5545 | D:4      | Found a staircase to the Ecumenical Temple.
  5574 | Temple   | XOM: noise
  5574 | Temple   | Entered the Ecumenical Temple
  5585 | Temple   | Fell from the grace of Xom
  5585 | Temple   | Became a worshipper of Uskayaw the Reveler
  5632 | D:4      | Learned a level 1 spell: Corona
  5684 | D:4      | Reached * piety under Uskayaw
  5687 | D:4      | Reached skill level 5 in Fighting
  6214 | D:5      | Entered Level 5 of the Dungeon
  6252 | D:5      | Reached ** piety under Uskayaw
  6255 | D:5      | Reached skill level 6 in Fighting
  6255 | D:5      | Reached XP level 8. HP: 38/57 MP: 8/8
  6302 | D:5      | XOM: summons 1 hostile demon
  6395 | D:5      | Learned a level 3 spell: Confuse
  6498 | D:5      | Reached *** piety under Uskayaw
  6970 | D:4      | XOM: summons 2 hostile shadow creatures
  7386 | D:5      | XOM: medium Pois miscast
  7563 | D:5      | Reached skill level 5 in Short Blades
  7771 | D:5      | XOM: mild Pois miscast
  7986 | D:5      | Reached skill level 7 in Fighting
  8364 | D:6      | Reached XP level 9. HP: 26/64 MP: 9/9
  8728 | D:6      | XOM: cloud trail
  8898 | D:6      | Found an opulent altar of Gozag.
  9041 | D:6      | XOM: blink monster(s)
  9093 | D:6      | Reached skill level 1 in Shields
  9098 | D:6      | Reached **** piety under Uskayaw
  9691 | D:7      | Found a burning altar of Makhleb.
  9964 | D:7      | Reached skill level 1 in Hexes
 10068 | D:7      | Found a sacrificial altar of Ru.
 10167 | D:7      | Found Ediem's Armour Shoppe.
 10175 | D:7      | Reached skill level 1 in Spellcasting
 10465 | D:7      | Learned a level 3 spell: Tukima's Dance
 10468 | D:7      | Learned a level 2 spell: Ensorcelled Hibernation
 10732 | D:8      | Reached XP level 10. HP: 54/70 MP: 13/13
 10849 | D:8      | Found an ornate altar of the Wu Jian Council.
 10895 | D:8      | Reached skill level 5 in Hexes
 10923 | D:8      | XOM: summons 5 hostile demons
 11115 | D:8      | Got a bound turquoise ring
 11258 | D:8      | Reached skill level 1 in Invocations
 11793 | D:8      | XOM: god gift: twisted runed staff {god gift}
 12421 | D:8      | Noticed a green ugly thing
 12428 | D:8      | Killed a green ugly thing
 12428 | D:8      | Reached skill level 5 in Invocations
 12553 | D:8      | XOM: give mutation
 12553 | D:8      | Gained mutation: Your body sometimes deteriorates upon
                  | taking damage. [Xom's mischief]
 12724 | D:8      | Identified the ring of Kifowit {MP+9 Int+4} (You found it
                  | on level 8 of the Dungeon)
 12730 | D:8      | Learned a level 4 spell: Cause Fear
 12749 | D:9      | XOM: noise
 12828 | D:9      | Found Zin's Purification Station.
 12831 | D:9      | Found a glowing silver altar of Zin.
 12834 | D:9      | Bought a potion of curing for 90 gold pieces
 12859 | D:9      | Reached skill level 5 in Stealth
 12939 | D:9      | XOM: mild Air miscast
 13429 | D:9      | XOM: stat loss: -1 Str (10/11)
 13748 | D:10     | Entered Level 10 of the Dungeon
 13919 | D:10     | XOM: scenery: create altars
 14133 | D:10     | Learned a level 1 spell: Confusing Touch
 14404 | D:10     | XOM: mild Conj miscast
 14908 | D:11     | Noticed a cyclops
 14929 | D:10     | Reached XP level 11. HP: 18/74 MP: 15/15
 15064 | D:10     | XOM: stat loss: -2 Str (8/11)
 15156 | D:10     | XOM: mild Air miscast
 15280 | D:11     | XOM: noise
 15299 | D:11     | Reached ***** piety under Uskayaw
 16343 | D:11     | Killed a cyclops
 16344 | D:11     | Found a staircase to the Lair.
 16815 | D:11     | Learned a level 1 spell: Corona
 16829 | Lair:1   | Entered Level 1 of the Lair of Beasts
 17227 | Lair:1   | Noticed a spriggan rider
 17899 | Lair:1   | Reached skill level 8 in Fighting
 18252 | Lair:1   | XOM: scenery: 1 doors open
 18499 | Lair:1   | HP: 2/115 [blink frog (4)]
 19250 | Lair:1   | Learned a level 3 spell: Dazzling Spray
 19316 | Lair:2   | Reached XP level 12. HP: 25/82 MP: 18/18
 19453 | Lair:2   | XOM: give mutations
 19453 | Lair:2   | Gained mutation: You are dopey. (Int -2) [Xom's mischief]
 19453 | Lair:2   | Gained mutation: You are weak. (Str -2) [Xom's mischief]
 19498 | Lair:2   | XOM: draining
 19643 | Lair:2   | XOM: stat loss: -3 Dex (9/14)
 19731 | Lair:2   | Reached skill level 10 in Dodging
 20155 | Lair:2   | XOM: summons 3 hostile shadow creatures
 20264 | Lair:2   | XOM: mild Fire miscast
 20264 | Lair:2   | Was forgiven by Xom
 20371 | Lair:2   | Found a staircase to the Swamp.
 21548 | Lair:2   | Reached skill level 10 in Short Blades
 23538 | Lair:4   | Found a deep blue altar of Sif Muna.
 23979 | Lair:4   | Found a staircase to the Snake Pit.
 24368 | Lair:4   | Noticed Josephine
 24791 | Lair:4   | Killed Josephine
 25350 | Lair:4   | Lost mutation: Your body sometimes deteriorates upon taking
                  | damage. [potion of mutation]
 25350 | Lair:4   | Lost mutation: You are dopey. (Int -2) [potion of mutation]
 25350 | Lair:4   | Lost mutation: You are weak. (Str -2) [potion of mutation]
 25350 | Lair:4   | Lost mutation: You are clumsy. (Dex -2) [potion of
                  | mutation]
 25350 | Lair:4   | Gained mutation: Your flesh is heat resistant. (rF+)
                  | [potion of mutation]
 25350 | Lair:4   | Gained mutation: You are covered in fur. (AC +1) [potion of
                  | mutation]
 25368 | Lair:5   | Noticed Kirke
 25391 | Lair:5   | Killed Kirke
 25391 | Lair:5   | Reached skill level 9 in Fighting
 25391 | Lair:5   | Reached XP level 13. HP: 70/90 MP: 19/19
 25477 | Lair:5   | Noticed Urug
 25822 | Lair:5   | Killed Urug
 25891 | Lair:5   | Reached skill level 1 in Evocations
 25925 | Lair:5   | Reached skill level 10 in Fighting
 25958 | Lair:5   | Reached ****** piety under Uskayaw
 26829 | Lair:5   | Reached skill level 5 in Evocations
 27438 | Lair:6   | Entered Level 6 of the Lair of Beasts
 27520 | Lair:6   | Reached skill level 1 in Ice Magic
 27747 | Lair:6   | Reached skill level 11 in Fighting
 28143 | Lair:6   | Noticed Rupert
 28344 | Lair:6   | Learned a level 3 spell: Mephitic Cloud
 28419 | Lair:6   | Reached skill level 1 in Air Magic
 28497 | Lair:5   | Reached skill level 1 in Poison Magic
 28821 | Lair:6   | Reached skill level 1 in Conjurations
 28855 | Lair:6   | Reached skill level 12 in Fighting
 29364 | Lair:6   | Reached XP level 14. HP: 103/103 MP: 21/21
 29398 | Lair:6   | Reached skill level 5 in Spellcasting
 30745 | Lair:1   | Learned a level 5 spell: Yara's Violent Unravelling
 31008 | D:12     | Found a staircase to the Orcish Mines.
 31454 | D:12     | Found a white marble altar of Elyvilon.
 32015 | D:13     | Reached skill level 1 in Transmutations
 34230 | D:14     | Found a white marble altar of Elyvilon.
 34291 | D:14     | Reached skill level 13 in Fighting
 34560 | D:14     | Found a gate to the Vaults.
 34582 | D:14     | Reached XP level 15. HP: 54/111 MP: 24/24
 34582 | D:14     | Reached skill level 5 in Shields
 35338 | D:15     | Entered Level 15 of the Dungeon
 36547 | D:15     | Reached skill level 14 in Fighting
 36934 | D:15     | Found a staircase to the Depths.
 36940 | D:15     | Noticed an emperor scorpion
 36940 | D:15     | a queen ant changed into an emperor scorpion
 36945 | D:15     | Killed an emperor scorpion
 37373 | Orc:1    | Entered Level 1 of the Orcish Mines
 37527 | Orc:1    | Found a transporter.
 37575 | Orc:1    | Noticed an orc warlord
 37609 | Orc:1    | Killed an orc warlord
 37964 | Orc:1    | Found a roughly hewn altar of Beogh.
 37964 | Orc:1    | Found a transporter.
 38112 | Orc:2    | Entered Level 2 of the Orcish Mines
 38194 | Orc:2    | Found a staircase to the Elven Halls.
 39196 | Orc:2    | Paralysed by an orc sorcerer for 3 turns
 39983 | Orc:2    | Reached XP level 16. HP: 107/119 MP: 25/25
 40635 | Orc:2    | Noticed Azrael
 40676 | Orc:2    | Killed Azrael
 40943 | Orc:2    | Found Goymmiak's Antique Armour Emporium.
 40944 | Orc:2    | Found Refeko's Antique Weapon Shoppe.
 40945 | Orc:2    | Found Ropt's General Store.
 40945 | Orc:2    | Found Mim Alug's Book Emporium.
 40961 | Orc:2    | Bought an embroidered hat for 231 gold pieces
 40974 | Orc:2    | Bought a scroll of silence for 105 gold pieces
 40974 | Orc:2    | Bought a potion of curing for 42 gold pieces
 40974 | Orc:2    | Bought a potion of curing for 42 gold pieces
 40974 | Orc:2    | Bought a scroll of enchant armour for 105 gold pieces
 41433 | Orc:1    | Found Woathep's Gadget Emporium.
 41441 | Orc:1    | Bought a wand of acid (10) for 364 gold pieces
 41441 | Orc:1    | Bought a wand of acid (4) for 208 gold pieces
 41441 | Orc:1    | Bought a wand of clouds (6) for 390 gold pieces
 41441 | Orc:1    | Bought a lamp of fire for 520 gold pieces
 41606 | Orc:2    | Found Ropt's General Store.
 41607 | Orc:2    | Found Mim Alug's Book Emporium.
 41608 | Orc:2    | Found Goymmiak's Antique Armour Emporium.
 41608 | Orc:2    | Found Refeko's Antique Weapon Shoppe.
 41716 | Orc:2    | Found a staircase to the Elven Halls.
 42250 | Lair:6   | Paralysed by Rupert for 2 turns
 42631 | Swamp:1  | Entered Level 1 of the Swamp
 43223 | Swamp:1  | Reached skill level 10 in Shields
 44831 | Swamp:2  | Noticed a thorn hunter
 44838 | Swamp:2  | Killed a thorn hunter
 45690 | Swamp:3  | Noticed a thorn hunter
 45730 | Swamp:3  | Killed a thorn hunter
 46126 | Swamp:4  | Entered Level 4 of the Swamp
 46126 | Swamp:4  | Noticed a thorn hunter
 46145 | Swamp:4  | Killed a thorn hunter
 46517 | Swamp:4  | Noticed a thorn hunter
 46538 | Swamp:4  | Killed a thorn hunter
 46538 | Swamp:4  | Reached skill level 15 in Fighting
 46538 | Swamp:4  | Reached XP level 17. HP: 127/127 MP: 26/26
 46891 | Swamp:4  | Mangled by an alligator

Levels and vault maps discovered:
D:1:      ncdulo_watergridlock, layout_loops_ring
D:2:      layout_basic, fedhas_altar_fruit_tree, lemuel_zombie_altar_yredelemnul
D:3:      layout_basic, cheibrodos_ashenzari_chains, st_stairs_8
D:4:      layout_basic, minmay_temple_entry_tees, dk_rats_in_the_wall
D:5:      layout_loops_ring, first_ration, chequers_serial_rivers_micro_a
D:6:      layout_rooms, nicolae_gozag_cash_rules_everything_around_me,
          minmay_joined_circles
D:7:      layout_rooms, bloody_makhleb, nicolae_ru_great_annihilating_truth,
          serial_shops, shop
D:8:      layout_basic, marbit_many_paths, the_bakery, hangedman_minor_gate_pass
D:9:      layout_loops_ring, zin_purify
D:10:     layout_loops_cross
D:11:     layout_loops_cross, dpeg_oklobed_lair, serial_bayou_pond_c
D:12:     layout_roguey, erik_orc_4, elyvilon_altar_5
D:13:     layout_basic
D:14:     layout_layer_cave, erik_vaults_2, basic_altar, hangedman_decor_points,
          wad_rectangle_vault
D:15:     gammafunk_enter_depths_forms, layout_irregular_city,
          chequers_serial_rivers_micro_a, minmay_evil_grid
Temple:   eino_narrow_crystal_temple
Lair:1:   layout_roguey, grunt_forest_large_clearings
Lair:2:   layout_cave_pods, minmay_swamp_entry_wisps, lemuel_fruit_tree
Lair:3:   layout_cave_shapes
Lair:4:   layout_misc_corridors, minmay_snake_entry_guardpost_small,
          basic_altar, kilobyte_rumbling_trees, uniq_josephine
Lair:5:   layout_roguey, minmay_slime_entry_oklob_enclosed, uniq_kirke,
          uniq_urug
Lair:6:   minmay_lair_end_enchanted_forest, layout_cave_pods,
          lemuel_fruit_fields, uniq_rupert
Swamp:1:  layout_basic_swamp, evilmike_swamp_ruin_house_4
Swamp:2:  layout_basic_swamp, hangedman_swamp_blocks
Swamp:3:  layout_falls_marsh, hangedman_swamp_cone, swamp_pool1,
          nicolae_swamp_fairy_circle, infiniplex_staircase_pool
Swamp:4:  swamp_alternative, layout_basic_swamp
Orc:1:    gammafunk_beogh_shrine, layout_caves, serial_shops, shop
Orc:2:    st_orc_congregation, layout_diamond_mine, uniq_azrael

Skill      XL: |  1  2  3  4  5  6  7  8  9 10 11 12 13 14 15 16 17 |
---------------+----------------------------------------------------+-----
Stealth        | 2 3 7 |  7.0
Dodging        | 3 4 5 7 9 11 12 | 12.1
Fighting       | 6 7 8 9 12 13 14 15 | 15.1
Short Blades   | 6 8 9 12 13 14 | 14.0
Shields        | 4 9 11 12 | 12.0
Hexes          | 4 6 |  6.0
Spellcasting   | 2 4 6 |  6.3
Invocations    | 6 9 |  9.4
Evocations     | 5 6 |  6.0
Ice Magic      | 2 |  2.0
Air Magic      | 3 |  3.0
Poison Magic   | 1 |  1.0
Conjurations   | 1 |  1.1
Transmutations | 1 |  1.0

Action                   |  1- 3 |  4- 6 |  7- 9 | 10-12 | 13-15 | 16-18 || total
-------------------------+-------+-------+-------+-------+-------+-------++-------
Melee: Short sword       |    54 |    23 |   145 |    85 |       |       ||   307
       Constrict         |    21 |    36 |    71 |    85 |   180 |    67 ||   460
       Tentacles         |    11 |    26 |    73 |   140 |   320 |   167 ||   737
       Dagger            |    22 |   156 |   212 |   127 |       |       ||   517
       Unarmed           |       |       |     9 |       |       |       ||     9
       Rapier            |       |       |       |   718 |  1411 |   680 ||  2809
Throw: Stone             |       |     1 |     1 |       |       |       ||     2
       Javelin           |       |       |    14 |     8 |       |       ||    22
 Cast: Confuse           |       |       |       |    10 |     4 |       ||    14
       Confusing Touch   |       |       |       |     8 |     1 |     2 ||    11
       Tukima's Dance    |       |       |       |     2 |       |       ||     2
       Mephitic Cloud    |       |       |       |       |     3 |     9 ||    12
Invok: Stomp             |       |       |    10 |    31 |    12 |     8 ||    61
       Line Pass         |       |       |     3 |     6 |     3 |     3 ||    15
Evoke: Wand              |       |       |       |    22 |     9 |    13 ||    44
       Fan of gales      |       |       |       |       |       |     1 ||     1
  Use: Scroll            |       |     5 |     7 |    21 |     8 |    12 ||    53
       Potion            |       |       |     3 |     9 |     2 |     6 ||    20
 Stab: Sleeping          |     7 |     5 |    14 |    38 |    32 |    14 ||   110
       Confused          |     1 |     1 |     1 |    16 |    12 |    10 ||    41
       Paralysed         |       |     1 |     8 |    31 |    97 |    35 ||   172
       Distracted        |       |       |     2 |     2 |     5 |     4 ||    13
       Petrifying        |       |       |       |     2 |       |       ||     2
       Petrified         |       |       |       |       |     3 |       ||     3
  Eat: Chunk             |     1 |    10 |    19 |    25 |    36 |    16 ||   107
       Ration            |       |       |     1 |     8 |     5 |     2 ||    16
Armor: Skin              |     6 |     9 |    27 |    31 |    52 |    17 ||   142
Dodge: Dodged            |    41 |   113 |   190 |   421 |   610 |   226 ||  1601
Block: Buckler           |       |       |    14 |   123 |   377 |    73 ||   587
       Reflection        |       |       |       |       |     4 |     5 ||     9
       Large shield      |       |       |       |       |       |   419 ||   419

Table legend:
 A = Non-vault XP
 B = Vault XP
 C = Vault XP percentage of total XP
 D = Non-vault monster count
 E = Vault monster count
 F = Vault count percentage of total count
                 A         B        C        D         E       F
            +---------+---------+-------+---------+---------+-------
      Total |  129294 |   61015 |  32.1 |     738 |     260 |  26.1
            +---------+---------+-------+---------+---------+-------
        D:1 |      51 |       0 |   0.0 |      25 |       0 |   0.0
        D:2 |     230 |       4 |   1.7 |      34 |       2 |   5.6
        D:3 |     301 |      15 |   4.7 |      30 |       2 |   6.2
        D:4 |     620 |       0 |   0.0 |      28 |       0 |   0.0
        D:5 |     912 |       0 |   0.0 |      25 |       0 |   0.0
        D:6 |     552 |     347 |  38.6 |      12 |      11 |  47.8
        D:7 |    1139 |      44 |   3.7 |      26 |       4 |  13.3
        D:8 |    2050 |    1509 |  42.4 |      39 |      11 |  22.0
        D:9 |     881 |       0 |   0.0 |      19 |       0 |   0.0
       D:10 |     684 |       0 |   0.0 |      11 |       0 |   0.0
       D:11 |    2846 |       0 |   0.0 |      22 |       0 |   0.0
       D:12 |    1589 |     526 |  24.9 |      18 |      17 |  48.6
       D:13 |    9113 |       0 |   0.0 |      50 |       0 |   0.0
       D:14 |   10040 |    9585 |  48.8 |      50 |      14 |  21.9
       D:15 |   10928 |   11107 |  50.4 |      34 |      23 |  40.4
     Lair:1 |    3050 |    2819 |  48.0 |      13 |      24 |  64.9
     Lair:2 |    5290 |     642 |  10.8 |      17 |       4 |  19.0
     Lair:3 |    1403 |     433 |  23.6 |       6 |       2 |  25.0
     Lair:4 |    3388 |    3178 |  48.4 |      17 |      14 |  45.2
     Lair:5 |    8941 |    3222 |  26.5 |      25 |       3 |  10.7
     Lair:6 |   11380 |    8035 |  41.4 |      40 |      41 |  50.6
    Swamp:1 |    9208 |       0 |   0.0 |      29 |       0 |   0.0
    Swamp:2 |   16105 |       0 |   0.0 |      37 |       0 |   0.0
    Swamp:3 |    5533 |       0 |   0.0 |      14 |       0 |   0.0
    Swamp:4 |   11121 |    5696 |  33.9 |      17 |      11 |  39.3
      Orc:1 |    6702 |     334 |   4.7 |      38 |       4 |   9.5
      Orc:2 |    5237 |   13519 |  72.1 |      62 |      73 |  54.1
            +---------+---------+-------+---------+---------+-------
